 Dungeon Crawl Stone Soup version 0.17.0-18-gaab0e96 (webtiles) character file.

65732 Medar the Brawler (level 14, -2/126 (127) HPs)
             Began as a Troll Warper on Nov 11, 2015.
             Was the Champion of Jiyva.
             Slain by a sixfirhy (12 damage)
             ... summoned by an orc high priest
             ... while paralysed by an orc sorcerer
             ... on level 4 of the Orcish Mines.
             The game lasted 01:36:53 (18650 turns).

Medar the Brawler (Troll Warper)                   Turns: 18650, Time: 01:36:53

HP:   -2/126 (127)  AC:  0    Str: 30    XL:     14   Next: 76%
MP:   14/14         EV:  1    Int: 10    God:    Jiyva [******]
Gold: 1548          SH:  0    Dex: 16    Spells: 2 memorised, 12 levels left

rFire  . . .     SeeInvis .       - Unarmed
rCold  . . .     Clarity  .     B - +0 swamp dragon armour "Esaxunuf" {-Cast rPois Str+4 Int+2}
rNeg   . . .     SustAt   .     V - +2 large shield {AC+3}
rPois  +         Gourm    +     (helmet restricted)
rElec  .         Spirit   .     x - +1 cloak
rCorr  +         Warding  .     (gloves unavailable)
rMut   .         Stasis   .     (boots unavailable)
MR     +....     NoCast   +     (no amulet)
Stlth  +.........               p - ring of flight
                                (no ring)

@: paralysed, corroded equipment, somewhat resistant to hostile enchantments,
very unstealthy
A: unfitting armour, claws 3, fangs 2, molten scales 1, agile 1, blink, fast
metabolism 3, gourmand, regeneration 2, shaggy fur 1, spit poison 2, strong 2,
tough skin 2, pseudopods 1, evolution 1
a: Spit Poison, Blink, Request Jelly, Jelly Paralyse, Slimify, Cure Bad
Mutation, Renounce Religion, Evoke Flight


You were on level 4 of the Orcish Mines.
You worshipped Jiyva.
Jiyva was exalted by your worship.
You were completely stuffed.

You visited 4 branches of the dungeon, and saw 24 of its levels.
You also visited: Labyrinth, Ossuary and Volcano.

You collected 2052 gold pieces.
You spent 504 gold pieces at shops.

Inventory:

Hand Weapons
 c - a +2 scimitar of flaming
 L - the +5 demon whip "Spellbinder" {antimagic, MR+}
   (You found it on level 7 of the Lair of Beasts)

   It disrupts the flow of magical energy around spellcasters and certain
   magical creatures (including the wielder).
   It affects your resistance to hostile enchantments.
Missiles
 d - 5 tomahawks of dispersal (quivered)
 f - 2 large rocks
Armour
 x - a +1 cloak (worn)
 B - the +0 swamp dragon armour "Esaxunuf" (worn) {-Cast rPois Str+4 Int+2}
   (You found it in a labyrinth)

   It affects your strength (+4).
   It affects your intelligence (+2).
   It protects you from poison.
   It prevents spellcasting.
 V - a +2 large shield of protection (worn)
Rods
 b - a +4 lightning rod (12/12)
   (You found it in a labyrinth)
Jewellery
 p - a ring of flight (right claw)
 E - an uncursed ring of fire
 G - an uncursed ring of teleportation
Wands
 g - a wand of teleportation (3)
 h - a wand of confusion (7)
 r - a wand of flame (10)
 z - a wand of disintegration (16)
 F - a wand of digging (0)
 R - a wand of frost (12)
 Z - a wand of paralysis (0)
Scrolls
 a - 3 scrolls of blinking
 i - a scroll of fear
 j - 3 scrolls of teleportation
 q - a scroll of magic mapping {@r3}
 s - 4 scrolls of immolation
 v - 2 scrolls of recharging
 A - 5 scrolls of fog
 K - a scroll of remove curse {@r1}
 M - 2 scrolls of identify {@r2}
 U - 2 scrolls of silence {!r}
Potions
 l - a potion of ambrosia
 m - a potion of agility
 n - 7 potions of curing {@q1}
 o - 2 potions of magic
 t - 3 potions of cancellation
 w - 3 potions of heal wounds
 C - a potion of cure mutation {!q}
 D - 4 potions of might
 H - 2 potions of haste
 J - a potion of invisibility
 N - 2 potions of resistance
 O - a potion of brilliance
 Q - a potion of lignification
 S - 2 potions of flight
Books
 y - a Necronomicon

   Spells                             Type                      Level
   a - Haunt                          Necromancy/Summoning         7
   b - Borgnjor's Revivification      Necromancy                   8
   c - Death's Door                   Charms/Necromancy            8
   d - Necromutation                  Transmutation/Necromancy     8
Comestibles
 e - 4 bread rations {@e1}
 k - 9 meat rations {@e2}
 u - 13 fruits {@e3}
 I - 2 beef jerkies
 P - 2 royal jellies
 T - 6 slices of pizza


   Skills:
 - Level 5.3 Fighting
 - Level 5.0 Throwing
 - Level 10.0 Armour
 - Level 1.9 Dodging
 - Level 12.9 Shields
 + Level 15.6 Unarmed Combat
 - Level 1.2 Spellcasting
 - Level 2.1 Translocations


You had 12 spell levels left.
You knew the following spells:

 Your Spells              Type           Power        Failure   Level  Hunger
p - Apportation           Tloc           #.........   30%         1    ##.....
w - Blink                 Tloc           N/A          43%         2    ###....


Dungeon Overview and Level Annotations

Branches:
Dungeon (11/15)            Temple (1/1) D:4            Lair (8/8) D:8
  Swamp (0/4) Lair:6       Spider (0/4) Lair:4        Slime (0/6) Lair:7
    Orc (4/4) D:11            Elf (0/3) Orc:3

Altars:
Ashenzari
Cheibriados
Dithmenos
Elyvilon
Fedhas
Gozag
Kikubaaqudgha
Makhleb
Nemelex Xobeh
Okawaru
Qazlal
Ru
Sif Muna
Trog
Vehumet
Xom
Yredelemnul
Zin
The Shining One
Jiyva

Shops:
D:6 (   D:11 [   Orc:1 (   Orc:4 [??

Annotations:
Lair:3 Rupert
Lair:4 exclusion: 4 oklob plants
Lair:5 exclusion: oklob plant, Kirke
Lair:8 exclusion: oklob plant


Innate Abilities, Weirdness & Mutations

You are too large for most types of armour.
You have claws for hands.
Your metabolism is lightning-fast.
You like to eat raw meat.
You heal very quickly.
You are covered in fur (AC +1).
You have very tough skin (AC +2).
You have extremely sharp teeth.
You are partially covered in molten scales (AC +1).
You are agile. (Dex +2)
You can translocate small distances at will.
You can spit poison.
Your muscles are very strong. (Str +4)
Armour fits poorly on your pseudopods.
You evolve.


Message History

The rust devil hits you. The rust devil corrodes you!
The orc priest moves out of view.
The orc sorcerer hits you but does no damage.
An orc priest comes into view. It is wielding a dagger.
The orc high priest hits you but does no damage.
The rust devil hits you. The rust devil corrodes you!
The orc sorcerer hits you with an enchanted dagger.
An orc warrior comes into view. It is wielding a war axe.
The rust devil hits you. The rust devil corrodes you!
The orc high priest hits you with a war axe.
The sixfirhy hits you! The sixfirhy shocks you!
The orc sorcerer hits you with an enchanted dagger!
The sixfirhy hits you! The sixfirhy shocks you!
* * * LOW HITPOINT WARNING * * *
The sixfirhy hits you!
* * * LOW HITPOINT WARNING * * *
The sixfirhy shocks you!
* * * LOW HITPOINT WARNING * * *
The sixfirhy hits you!
You die...

## .#.# .# .o..# ## #...# #
#o..# #... #.o ## ## ## #
#o#o## ###.###.## .#
##@44###.J......# #.#
##J#4###........# ...#
##...###........# #...##
##JJJ###.........# ##...##
##J..###..###....# ###J..##
##...###..###))..#
.###...###...###..###..)###
..##....#....##..###....#
#..#.#.....#.#..###....##


You could see an orc high priest, a rust devil, 2 sixfirhies, an orc sorcerer, 2
orc warriors, an orc priest and 5 neutral jellies (fellow slime).

Vanquished Creatures
  Maud (Lair:7)
  A minotaur (Lab)
  A fire dragon (Lair:8)
  9 hydras
  4 death yaks
  A centaur warrior (Volcano)
  A queen ant (Lair:7)
  Urug (Lair:4)
  Nergalle (Orc:1)
  The ghost of septik the Cleaver, a novice MiFi of Okawaru (D:6)
  Pikel (D:5)
  9 orc knights
  A hill giant (D:10)
  6 statues (Volcano)
  6 elephants (Lair:7)
  An orc sorcerer (Orc:4)
  2 black mambas
  Maurice (D:9)
  Joseph (D:7)
  A torpor snail (Lair:8)
  An orange demon (Orc:4)
  3 gargoyles (Lab)
  5 komodo dragons
  13 spiny frogs
  2 yaktaurs (Volcano)
  4 fire drakes
  A red devil (Orc:4)
  3 trolls
  3 kobold demonologists (D:11)
  A queen bee (D:11)
  A polar bear (Lair:7)
  Grinder (D:5)
  4 two-headed ogres
  A giant leech (Lair:6)
  13 blink frogs
  A trapdoor spider (Lab)
  Sigmund (D:6)
  A wyvern (D:11)
  35 yaks
  2 fire bats (Volcano)
  Eustachio (D:4)
  8 basilisks
  A hungry ghost (D:7)
  4 hogs (Lair:5)
  3 wargs
  10 hippogriffs
  8 wolves
  Edmund (D:5)
  3 mottled dragons (Lair:8)
  2 steam dragons
  A swamp worm (Lair:6)
  6 soldier ants (Lair:7)
  17 water moccasins
  11 porcupines
  4 sky beasts
  2 slaves
  A necrophage (D:9)
  4 swamp drakes (Lair:8)
  4 ice beasts
  A phantom (D:9)
  20 orc warriors
  4 black bears
  A wasp (D:11)
  8 ogres
  5 centaurs
  A big kobold (D:10)
  16 crocodiles
  4 elf zombies (Ossuary)
  An earth elemental (Lab)
  A wyvern zombie (D:8)
  16 giant frogs
  A wyvern skeleton (D:8)
  4 scorpions
  24 killer bees
  4 wights (D:7)
  A vampire bat (Lair:6)
  A quasit (D:5)
  2 electric eels (Lair:3)
  A crimson imp (D:9)
  5 lava snakes (Volcano)
  2 hounds
  A giant frog zombie (D:9)
  29 orc priests
  3 jellies
  4 centaur zombies
  A giant frog skeleton (D:7)
  Ijyb (D:2)
  25 worker ants
  A gnoll shaman (D:7)
  8 iguanas
  26 orc wizards
  10 sheep
  A killer bee zombie (D:9)
  A big kobold zombie (Ossuary)
  2 hound skeletons (D:6)
  2 mummies (Ossuary)
  A worker ant zombie (D:6)
  14 adders
  6 gnolls
  41 river rats
  A shadow imp (D:11)
  An ooze (D:1)
  An adder zombie (D:6)
  2 adder skeletons
  5 worms
  5 giant geckos
  128 orcs
  7 giant cockroaches
  7 hobgoblins
  14 jackals
  8 kobolds
  4 quokkas
  A ball python (D:3)
  A ball python skeleton (D:4)
  13 bats
  2 giant newts (D:3)
  2 gnoll zombies (D:4)
  5 goblins
  A goblin zombie (Ossuary)
  10 hobgoblin zombies (Ossuary)
  A jackal zombie (Ossuary)
  4 kobold zombies (Ossuary)
  12 orc zombies (Ossuary)
  2 quokka skeletons (D:7)
  6 rats
  2 rat zombies (Ossuary)
  A plant (Lair:7)
783 creatures vanquished.

Vanquished Creatures (others)
  An orc sorcerer (Orc:3)
  An orc warrior (D:11)
  2 big kobolds (D:10)
  A killer bee (D:11)
  25 jellies
  A hound (D:10)
  An orc wizard (Orc:4)
  2 orc priests (D:11)
  An iguana (Lair:8)
  An adder (D:11)
  14 orcs
  3 kobolds (D:11)
  18 fungi
  4 plants (Lair:8)
75 creatures vanquished.

Grand Total: 858 creatures vanquished

Notes
Turn   | Place    | Note
--------------------------------------------------------------
     0 | D:1      | Medar the Troll Warper began the quest for the Orb.
     0 | D:1      | Reached XP level 1. HP: 19/19 MP: 1/1
   116 | D:1      | Reached XP level 2. HP: 27/27 MP: 2/2
   146 | D:1      | Reached skill level 3 in Unarmed Combat
   346 | D:1      | Reached XP level 3. HP: 33/33 MP: 3/3
   589 | D:2      | Reached skill level 4 in Unarmed Combat
   700 | D:2      | Found a glowing golden altar of the Shining One.
   700 | D:2      | Found a white marble altar of Elyvilon.
   701 | D:2      | Found a glowing silver altar of Zin.
   746 | D:2      | Noticed Ijyb
   761 | D:2      | Killed Ijyb
   761 | D:2      | Reached XP level 4. HP: 37/41 MP: 4/4
   965 | D:3      | Reached skill level 5 in Unarmed Combat
  1086 | D:3      | Reached XP level 5. HP: 45/48 MP: 5/5
  1254 | D:3      | Found a blossoming altar of Fedhas.
  1254 | D:3      | Found a shattered altar of Ashenzari.
  1530 | D:4      | Reached skill level 6 in Unarmed Combat
  1559 | D:4      | Noticed Eustachio
  1580 | D:4      | Killed Eustachio
  1580 | D:4      | Reached XP level 6. HP: 20/55 MP: 6/6
  1615 | D:4      | Reached skill level 7 in Unarmed Combat
  1733 | D:4      | Found a staircase to the Ecumenical Temple.
  1739 | Temple   | Entered the Ecumenical Temple
  1940 | D:5      | Entered Level 5 of the Dungeon
  1981 | D:5      | Learned a level 2 spell: Blink
  2000 | D:5      | Reached XP level 7. HP: 60/62 MP: 7/7
  2034 | D:5      | Reached skill level 8 in Unarmed Combat
  2132 | D:5      | Noticed a two-headed ogre
  2144 | D:4      | Noticed an ogre
  2146 | D:4      | Killed an ogre
  2294 | D:4      | Found a basalt altar of Yredelemnul.
  2394 | D:5      | Reached skill level 9 in Unarmed Combat
  2415 | D:5      | Noticed Edmund
  2485 | D:5      | Killed a two-headed ogre
  2485 | D:5      | Reached XP level 8. HP: 45/70 MP: 8/8
  2514 | D:5      | Killed Edmund
  2527 | D:5      | Reached skill level 10 in Unarmed Combat
  2580 | D:5      | Noticed Grinder
  2584 | D:5      | Paralysed by Grinder for 3 turns
  2593 | D:5      | Killed Grinder
  2781 | D:6      | Noticed Sigmund
  2789 | D:6      | Killed Sigmund
  2789 | D:6      | Reached skill level 5 in Fighting
  2797 | D:6      | Reached XP level 9. HP: 79/88 MP: 9/9
  2805 | D:6      | Noticed septik's ghost (novice MiFi)
  2824 | D:5      | Noticed Pikel
  3015 | D:5      | Killed Pikel
  3015 | D:5      | Reached skill level 11 in Unarmed Combat
  3452 | D:7      | Noticed Joseph
  3458 | D:7      | Reached skill level 12 in Unarmed Combat
  3525 | D:7      | Found an opulent altar of Gozag.
  3715 | D:7      | Found a sand-covered staircase.
  3725 | Ossuary  | Entered an ossuary
  4047 | D:7      | Reached XP level 10. HP: 66/96 MP: 10/10
  4264 | D:8      | Reached skill level 1 in Shields
  4321 | D:8      | Found a staircase to the Lair.
  4882 | Lair:1   | Entered Level 1 of the Lair of Beasts
  5069 | Lair:1   | Found a labyrinth entrance.
  5074 | Lab      | Entered a labyrinth
  5270 | Lab      | Noticed bart's ghost (journeyman TeAM)
  5683 | Lab      | Reached skill level 5 in Shields
  5955 | Lab      | Noticed a minotaur
  5961 | Lab      | Killed a minotaur
  5963 | Lab      | Got a polished quarterstaff
  5963 | Lab      | Got a faintly humming swamp dragon armour
  5980 | Lab      | Identified the cursed +0 swamp dragon armour "Esaxunuf" {-Cast rPois Str+4 Int+2} (You found it in a labyrinth)
  6334 | Lair:2   | Reached XP level 11. HP: 101/104 MP: 11/11
  6340 | Lair:2   | Reached skill level 1 in Armour
  6488 | Lair:2   | Found a dark tunnel.
  6533 | Volcano  | Entered a volcano
  6776 | Volcano  | Found a radiant altar of Vehumet.
  6776 | Volcano  | Noticed a centaur warrior
  6782 | Volcano  | Killed a centaur warrior
  6991 | Lair:2   | Reached skill level 5 in Armour
  7382 | Lair:3   | Reached skill level 13 in Unarmed Combat
  7387 | Lair:3   | Noticed a five-headed hydra
  7652 | Lair:3   | Reached XP level 12. HP: 111/111 MP: 12/12
  7725 | Lair:3   | Noticed Rupert
  7759 | Lair:4   | Noticed an eight-headed hydra
  7946 | Lair:3   | Noticed a six-headed hydra
  8130 | Lair:2   | Killed a one-headed hydra
  8239 | Lair:3   | Killed a one-headed hydra
  8270 | Lair:3   | Reached skill level 14 in Unarmed Combat
  9323 | Lair:6   | Found a staircase to the Swamp.
  9623 | Lair:5   | Reached skill level 10 in Shields
  9703 | Lair:5   | Noticed a six-headed hydra
  9710 | Lair:5   | Killed a five-headed hydra
  9724 | Lair:5   | Noticed Kirke
 10328 | Lair:7   | Reached XP level 13. HP: 103/118 MP: 13/13
 10556 | Lair:7   | Noticed Maud
 10587 | Lair:7   | Killed Maud
 10964 | Lair:7   | Noticed a seven-headed hydra
 10973 | Lair:7   | Killed a six-headed hydra
 11030 | Lair:7   | Found a runed door.
 11054 | Lair:7   | Found a viscous altar of Jiyva.
 11054 | Lair:7   | Noticed an acid blob
 11055 | Lair:7   | Found a staircase to the Slime Pits.
 11155 | Lair:8   | Entered Level 8 of the Lair of Beasts
 11972 | Lair:7   | Became a worshipper of Jiyva Jeubecam the Shapeless
 12559 | Lair:8   | Reached * piety under Jiyva
 13218 | Lair:5   | Killed a one-headed hydra
 13218 | Lair:5   | Reached XP level 14. HP: 79/127 MP: 14/14
 13319 | Lair:5   | Reached ** piety under Jiyva
 13385 | Lair:4   | Found a hole to the Spider Nest.
 13393 | Lair:4   | Noticed Urug
 13406 | Lair:4   | Killed Urug
 13973 | D:7      | Killed Joseph
 14025 | D:6      | Found Lacua's Antique Weapon Shoppe.
 14135 | D:6      | Killed septik's ghost
 14231 | D:7      | Reached *** piety under Jiyva
 14258 | D:7      | Gained mutation: You evolve. [Jiyva's grace]
 14363 | D:9      | Noticed Maurice
 14379 | D:9      | Killed Maurice
 14628 | D:9      | Gained mutation: You have a pair of small antennae on your head. [evolution]
 15005 | D:10     | Entered Level 10 of the Dungeon
 15275 | D:10     | Reached skill level 10 in Armour
 15407 | D:10     | Reached skill level 1 in Throwing
 15527 | D:10     | Lost mutation: You have a pair of small antennae on your head. [Jiyva's grace]
 15527 | D:10     | Reached **** piety under Jiyva
 15661 | D:11     | Found a staircase to the Orcish Mines.
 15872 | D:11     | Gained mutation: You are agile. (Dex +2) [Jiyva's grace]
 15889 | D:11     | Reached ***** piety under Jiyva
 15926 | D:11     | Gained mutation: You have very sharp teeth. [Jiyva's grace]
 16116 | D:11     | Found Inol's Antique Armour Emporium.
 16124 | D:11     | Bought an ancient robe for 165 gold pieces
 16130 | D:11     | Gained mutation: Armour fits poorly on your pseudopods. [Jiyva's grace]
 16134 | D:11     | Identified the +1 robe of the Planets {rElec rF- Str+5} (You bought it in a shop on level 11 of the Dungeon)
 16169 | D:11     | Reached ****** piety under Jiyva
 16312 | Orc:1    | Entered Level 1 of the Orcish Mines
 16373 | Orc:1    | Found Tadwat's Weapon Boutique.
 16451 | Orc:1    | Noticed Nergalle
 16463 | Orc:1    | Killed Nergalle
 16565 | Orc:1    | Found a burning altar of Makhleb.
 16722 | Orc:1    | Gained mutation: Your muscles are strong. (Str +2) [Jiyva's grace]
 16908 | Orc:2    | Found a bloodstained altar of Trog.
 17165 | Orc:3    | Gained mutation: You can spit weak poison. [Jiyva's grace]
 17204 | Orc:3    | Found a staircase to the Elven Halls.
 17462 | Orc:2    | Reached skill level 5 in Throwing
 17640 | Orc:1    | Lost mutation: You can spit weak poison. [Jiyva's grace]
 17672 | Orc:1    | Gained mutation: You can spit weak poison. [Jiyva's grace]
 17786 | Orc:4    | Entered Level 4 of the Orcish Mines
 17961 | Orc:4    | Lost mutation: You are agile. (Dex +2) [Jiyva's grace]
 18205 | Orc:4    | Reached skill level 15 in Unarmed Combat
 18235 | Orc:4    | Found Joraig's Antique Armour Boutique.
 18337 | Orc:4    | Gained mutation: You can spit poison. [Jiyva's grace]
 18360 | Orc:4    | Gained mutation: You are agile. (Dex +2) [Jiyva's grace]
 18404 | Orc:4    | Gained mutation: Your body sometimes deteriorates upon taking damage. [Jiyva's grace]
 18428 | Orc:4    | Found Qefarap's Magic Scroll Shoppe.
 18471 | Orc:3    | Gained mutation: You can translocate small distances at will. [Jiyva's grace]
 18535 | Orc:4    | Lost mutation: Your body sometimes deteriorates upon taking damage. [Jiyva's grace]
 18544 | Orc:4    | Found Simil's Magic Scroll Emporium.
 18550 | Orc:4    | Gained mutation: You are partially covered in molten scales (AC +1). [Jiyva's grace]
 18582 | Orc:4    | Gained mutation: You have extremely sharp teeth. [Jiyva's grace]
 18596 | Orc:4    | Bought a scroll of blinking for 82 gold pieces
 18596 | Orc:4    | Bought a scroll of random uselessness for 11 gold pieces
 18597 | Orc:4    | Bought a scroll of amnesia for 38 gold pieces
 18598 | Orc:4    | Bought a scroll of identify for 22 gold pieces
 18603 | Orc:4    | Bought a scroll of silence for 82 gold pieces
 18603 | Orc:4    | Bought a scroll of fog for 22 gold pieces
 18603 | Orc:4    | Bought a scroll of fear for 38 gold pieces
 18603 | Orc:4    | Bought a scroll of identify for 22 gold pieces
 18603 | Orc:4    | Bought a scroll of identify for 22 gold pieces
 18624 | Orc:4    | Gained mutation: Your muscles are very strong. (Str +4) [Jiyva's grace]
 18646 | Orc:4    | Paralysed by an orc sorcerer for 4 turns
 18650 | Orc:4    | Slain by a sixfirhy

Action                   |  1- 3 |  4- 6 |  7- 9 | 10-12 | 13-15 || total
-------------------------+-------+-------+-------+-------+-------++-------
Melee: Unarmed           |   112 |   161 |   335 |   694 |  1324 ||  2626
       Scimitar          |       |       |       |    20 |    31 ||    51
Throw: Throwing net      |       |       |       |     1 |       ||     1
 Cast: Apportation       |       |       |       |       |     5 ||     5
Evoke: Wand              |       |       |     8 |    15 |     2 ||    25
       Rod               |       |       |       |     3 |    20 ||    23
  Use: Scroll            |       |       |     7 |    23 |     7 ||    37
       Potion            |       |       |       |     5 |     1 ||     6
 Stab: Paralysed         |       |       |     5 |     8 |       ||    13
       Distracted        |       |       |       |       |     1 ||     1
  Eat: Chunk             |    12 |    12 |     9 |    59 |    52 ||   144
       Royal jelly       |       |       |     1 |       |     2 ||     3
       Beef jerky        |       |       |       |     2 |     2 ||     4
       Pizza             |       |       |       |       |     1 ||     1
